 Dungeon Crawl Stone Soup version 0.24-a0-341-g52ca42d3ec (webtiles) character file.

Game seed: 3169751511676340940

4981 Azzok the Grappler (level 10, -1/91 HPs)
             Began as a Troll Necromancer on May 20, 2019.
             Was a Believer of Cheibriados.
             Slain by a yak (5 damage)
             ... on level 8 of the Dungeon.
             The game lasted 00:12:05 (7109 turns).

Azzok the Grappler (Troll Necromancer)              Turns: 7109, Time: 00:12:05

Health: -1/91      AC:  8    Str: 22    XL:     10   Next: 29%
Magic:  7/10       EV: 10    Int: 21    God:    Cheibriados [**....]
Gold:   377        SH:  6    Dex: 14    Spells: 7/11 levels left

rFire    + . .     SeeInvis .     - Unarmed
rCold    . . .     Gourm    +   (no shield)
rNeg     + . .     Faith    .   D - +2 robe {rF+}
rPois    .         Spirit   .   (helmet restricted)
rElec    .         Reflect  +   (no cloak)
rCorr    .         Harm     .   (gloves unavailable)
MR       .....                  (boots unavailable)
Stlth    ++........             h - +6 amulet of reflection
HPRegen  1.65/turn              b - ring of positive energy
MPRegen  0.12/turn              u - +3 ring of intelligence

@: regenerating, very slow
A: large, unfitting armour, claws 3, fast metabolism 3, gourmand, regeneration
1, shaggy fur 1, tough skin 3
a: Bend Time, Renounce Religion


You were on level 8 of the Dungeon.
You worshipped Cheibriados.
Cheibriados was pleased with you.
You were completely stuffed.

You visited 2 branches of the dungeon, and saw 10 of its levels.

You collected 377 gold pieces.

Inventory:

Armour
 D - a +2 robe of fire resistance (worn)
Jewellery
 b - a ring of positive energy (left claw)
 h - a +6 amulet of reflection (around neck)
 i - an uncursed ring of ice
 u - a +3 ring of intelligence (right claw)
 A - an uncursed ring of fire
 E - an uncursed ring of fire
Wands
 p - a wand of acid (9)
 s - a wand of paralysis (8)
 y - a wand of enslavement (4)
 C - a wand of iceblast (9)
Scrolls
 g - 8 scrolls of teleportation {unknown}
 j - 3 scrolls of enchant weapon {unknown}
 k - 3 scrolls of remove curse
 m - 2 scrolls of fear {unknown}
 n - a scroll of fog {unknown}
 r - a scroll of random uselessness {unknown}
 t - a scroll of vulnerability {unknown}
 v - a scroll of blinking {unknown}
 w - a scroll of magic mapping {unknown}
 x - a scroll of noise {unknown}
Potions
 d - a potion of might
 e - a potion of berserk rage {unknown}
 f - 3 potions of flight
 l - 4 potions of mutation {!q}
 o - 4 potions of curing {unknown}
 q - 4 potions of cancellation {unknown}
 z - a potion of lignification {unknown}
 B - a potion of degeneration {unknown}
 F - a potion of magic {unknown}
Comestibles
 c - 23 rations


   Skills:
 + Level 3.2 Fighting
 - Level 1.5 Dodging
 - Level 1.0 Stealth
 + Level 13.5 Unarmed Combat
 - Level 1.2 Spellcasting
 + Level 4.7 Necromancy


You had 7 spell levels left.
You knew the following spells:

 Your Spells              Type           Power        Failure   Level  Hunger
a - Regeneration          Chrm/Necr      ##........   19%         3    ####...
b - Pain                  Necr           ###.         2%          1    ##.....

Your spell library contained the following spells:

 Spells                   Type           Power        Failure   Level  Hunger
 Animate Skeleton         Necr           N/A          2%          1    ##.....
 Vampiric Draining        Necr           ###.......   7%          3    ####...
 Animate Dead             Necr           N/A          22%         4    #####..


Dungeon Overview and Level Annotations

Branches:
Dungeon (9/15)             Temple (1/1) D:6
   Lair: D:8-11         Orc: D:9-12

Altars:
Ashenzari
Cheibriados
Dithmenos
Elyvilon
Fedhas
Gozag
Hepliaklqana
Makhleb
Nemelex Xobeh
Okawaru
Qazlal
Ru
Sif Muna
Trog
Uskayaw
Vehumet
Wu Jian
Xom
Yredelemnul
Zin
The Shining One


Innate Abilities, Weirdness & Mutations

You are too large for most types of armour.
You have claws for hands.
Your metabolism is lightning-fast.
You like to eat raw meat.
Your natural rate of healing is unusually fast.
You are covered in fur. (AC +1)
You have extremely tough skin. (AC +3)


Message History

The yak gores you.
Casting: Regeneration (safe; 19% risk of failure)
Confirm with . or Enter, or press ? or * to list all spells.
Your skin crawls.
The yak gores you! The yak gores you but does no damage. The yak gores you.
Unknown command.
You claw the yak!
The yak is moderately wounded.
The yak gores you. The yak closely misses you. The yak gores you!
You claw the yak!
The yak is severely wounded.
The yak gores you!
* * * LOW HITPOINT WARNING * * *
The yak gores you but does no damage. The yak gores you!
* * * LOW HITPOINT WARNING * * *
You mangle the yak!!
You kill the yak!
Cheibriados appreciates the change of pace.
The yak gores you.
You die...

·▒▒ ▒···▒▒ ··▒▒▒
▒▒···▒ ····▒▒ ▒····▒
·····▒ ▒···▒▒
·····▒▒▒▒▒▒▒ ▒▒···▒
·>···▒·"···▒ ▒···▒▒
·······▒)▒·▒ ▒▒▒▒▒···▒
·(▒▒···▒▒▒▒▒▒▒···Y···▒
▒▒▒····▒ ▒····@Y···▒
▒·····▒▒ ▒·········▒
····▒▒▒ ▒·········▒
·····▒ ▒·········▒
·····▒ ▒▒······▒·▒▒
·····▒ ▒▒·[▒▒▒▒··▒
····▒▒ ▒▒▒▒ ▒▒·▒▒
····▒ ▒▒▒▒▒ ▒··▒ ···▒▒
▒▒···▒▒▒ ▒▒·▒▒▒


You could see 2 yaks.

Vanquished Creatures
  A two-headed ogre (D:8)
  A gargoyle (D:7)
  Grinder (D:6)
  Prince Ribbit (D:6)
  A hornet (D:8)
  A spriggan (D:8)
  Eustachio (D:4)
  3 yaks (D:8)
  A hungry ghost (D:7)
  Menkaure (D:6)
  3 orc warriors
  2 phantoms
  A sky beast (D:8)
  2 centaurs
  Blork the orc (D:4)
  2 bullfrogs
  A wyvern skeleton (D:7)
  A scorpion (D:6)
  5 crimson imps
  2 quasits
  5 orc priests
  A jelly (D:7)
  A centaur zombie (D:5)
  2 hounds
  16 orc wizards
  Natasha (twice) (D:4)
  2 iguanas
  2 worker ants (D:5)
  A hound skeleton (D:7)
  A mummy (D:5)
  2 worker ant zombies
  7 gnolls
  7 adders
  A howler monkey skeleton (D:5)
  A shadow imp (D:7)
  An ooze (D:4)
  An adder zombie (D:7)
  An adder skeleton (D:4)
  4 worms (D:3)
  A dart slug (D:1)
  4 leopard geckos
  30 orcs
  2 ball pythons
  12 giant cockroaches
  11 hobgoblins
  3 jackals (D:7)
  14 bats
  6 frilled lizards
  9 goblins
  2 hobgoblin zombies (D:5)
  8 kobolds
  A kobold zombie (D:5)
  An orc zombie (D:5)
  3 rats (D:3)
  A butterfly (D:6)
198 creatures vanquished.

Notes
Turn   | Place    | Note
-------+----------+-------------------------------------------
     0 | D:1      | Azzok the Troll Necromancer began the quest for the Orb.
     0 | D:1      | Reached XP level 1. HP: 16/16 MP: 1/1
    52 | D:1      | Reached skill level 1 in Unarmed Combat
   164 | D:1      | Reached XP level 2. HP: 23/24 MP: 2/2
   207 | D:1      | Reached skill level 2 in Unarmed Combat
   324 | D:1      | Reached XP level 3. HP: 31/31 MP: 3/3
   539 | D:1      | Reached skill level 3 in Unarmed Combat
  1281 | D:3      | Reached XP level 4. HP: 39/39 MP: 4/4
  1317 | D:3      | Reached skill level 4 in Unarmed Combat
  1627 | D:3      | Reached XP level 5. HP: 45/45 MP: 5/5
  1756 | D:3      | Reached skill level 5 in Unarmed Combat
  2167 | D:4      | Noticed Natasha
  2173 | D:4      | Killed Natasha
  2263 | D:4      | Noticed Eustachio
  2263 | D:4      | Noticed Natasha
  2275 | D:4      | Killed Natasha
  2326 | D:4      | Killed Eustachio
  2326 | D:4      | Reached skill level 6 in Unarmed Combat
  2326 | D:4      | Reached XP level 6. HP: 53/53 MP: 6/6
  2416 | D:4      | Noticed Blork the orc
  2435 | D:4      | Killed Blork the orc
  2996 | D:5      | Entered Level 5 of the Dungeon
  3009 | D:5      | Reached skill level 7 in Unarmed Combat
  3009 | D:5      | Reached XP level 7. HP: 25/59 MP: 7/7
  3275 | D:5      | Reached skill level 8 in Unarmed Combat
  4026 | D:6      | Noticed Menkaure
  4093 | D:6      | Reached skill level 9 in Unarmed Combat
  4113 | D:6      | Noticed Prince Ribbit
  4206 | D:5      | Learned a level 3 spell: Regeneration
  4214 | D:6      | Killed Prince Ribbit
  4214 | D:6      | Reached XP level 8. HP: 44/67 MP: 8/8
  4261 | D:6      | Killed Menkaure
  4286 | D:6      | Reached skill level 10 in Unarmed Combat
  4430 | D:6      | Noticed Grinder
  4441 | D:6      | Killed Grinder
  4451 | D:6      | Reached skill level 11 in Unarmed Combat
  4579 | D:6      | Found a staircase to the Ecumenical Temple.
  4589 | Temple   | Entered the Ecumenical Temple
  4744 | Temple   | Became a worshipper of Cheibriados the Contemplative
  5151 | D:7      | Reached XP level 9. HP: 53/74 MP: 9/9
  5374 | D:7      | Reached * piety under Cheibriados
  5384 | D:7      | Reached skill level 12 in Unarmed Combat
  5737 | D:7      | Noticed a gargoyle
  5761 | D:7      | Killed a gargoyle
  6175 | D:8      | Reached skill level 13 in Unarmed Combat
  6232 | D:8      | Reached skill level 1 in Fighting
  6268 | D:8      | Noticed a two-headed ogre
  6274 | D:8      | Killed a two-headed ogre
  6274 | D:8      | Reached XP level 10. HP: 71/88 MP: 10/10
  6892 | D:8      | Reached ** piety under Cheibriados
  7108 | D:8      | HP: 3/91 [yak (12)]
  7109 | D:8      | Slain by a yak

Levels and vault maps discovered:
D:1:      lightli_arrival_noodles, layout_basic, serial_bayou,
          serial_bayou_shore_a, serial_bayou_ford_a, serial_bayou_pond_a,
          serial_bayou_pond_d
D:2:      layout_basic
D:3:      layout_basic, minmay_crystal_water
D:4:      layout_basic, first_ration, uniq_natasha, uniq_blork_the_orc,
          uniq_eustachio
D:5:      layout_cave_pods, minmay_mini_ossuary
D:6:      layout_cave_pools, minmay_temple_entry_butterflies, uniq_grinder,
          uniq_prince_ribbit1, uniq_menkaure
D:7:      layout_basic
D:8:      layout_cave_pods, the_bakery
D:9:      layout_small_grid, lemuel_doored_altar, david_orc_4, serial_shops,
          shop, grunt_ministairs_15, palyth_stone_intersect, minmay_statues_item
Temple:   minmay_crystal_snake_temple

Skill      XL: |  1  2  3  4  5  6  7  8  9 10 |
---------------+-------------------------------+-----
Unarmed Combat | 1 2 3 4 6 7 9 11 13 | 13.5
Fighting       | 2 3 |  3.2
Necromancy     | 4 |  4.7
Dodging        | |  1.5
Stealth        | |  1.0
Spellcasting   | |  1.2

Action                   |  1- 3 |  4- 6 |  7- 9 | 10-12 || total
-------------------------+-------+-------+-------+-------++-------
Melee: Unarmed           |   162 |   130 |   332 |    36 ||   660
       Punch             |     1 |     1 |    13 |     4 ||    19
 Cast: Regeneration      |       |       |     5 |     1 ||     6
  Use: Scroll            |     2 |     1 |     2 |     2 ||     7
 Stab: Sleeping          |     2 |     3 |       |     1 ||     6
  Eat: Chunk             |    18 |     9 |    42 |     7 ||    76
Armor: Robe              |    64 |    27 |    75 |    10 ||   176
Dodge: Dodged            |    82 |    49 |    95 |    13 ||   239
Block: Other             |    28 |    33 |    69 |     7 ||   137
       Reflection        |     2 |     1 |     2 |       ||     5

Table legend:
 A = Non-vault XP
 B = Vault XP
 C = Vault XP percentage of total XP
 D = Non-vault monster count
 E = Vault monster count
 F = Vault count percentage of total count
                 A         B        C        D         E       F
            +---------+---------+-------+---------+---------+-------
      Total |    5830 |    1287 |  18.1 |     185 |      12 |   6.1
            +---------+---------+-------+---------+---------+-------
        D:1 |      56 |       0 |   0.0 |      31 |       0 |   0.0
        D:2 |      36 |       0 |   0.0 |      15 |       0 |   0.0
        D:3 |     155 |       0 |   0.0 |      37 |       0 |   0.0
        D:4 |      50 |     326 |  86.7 |       5 |       3 |  37.5
        D:5 |     612 |      22 |   3.5 |      22 |       5 |  18.5
        D:6 |     727 |     728 |  50.0 |      22 |       3 |  12.0
        D:7 |    1664 |       0 |   0.0 |      32 |       0 |   0.0
        D:8 |    2530 |     211 |   7.7 |      21 |       1 |   4.5
            +---------+---------+-------+---------+---------+-------
